 Dungeon Crawl Stone Soup version 0.28.0-1-gb440e238dd (webtiles) character file.

Game seed: 16838752733971123228

18 cbfl8 the Sneak (level 2, -1/22 (27) HPs)
             Began as a Minotaur Delver on Feb 27, 2022.
             Slain by Ijyb (5 damage)
             ... on level 3 of the Dungeon.
             The game lasted 00:00:47 (391 turns).

cbfl8 the Sneak (Minotaur Delver)                    Turns: 391, Time: 00:00:47

HP:   -1/22 (27)    AC:  5    Str: 16    XL:     2   Next: 51%
MP:   1/1           EV: 11    Int:  9    God:
Gold: 44            SH:  0    Dex:  9    Spells: 1/1 levels left

rFire   . . .      SeeInvis .   a - +0 hand axe
rCold   . . .      Faith    .   (no shield)
rNeg    . . .      Spirit   .   b - +0 leather armour
rPois   .          Reflect  .   (helmet restricted)
rElec   .          Harm     .   (no cloak)
rCorr   .          Rampage  .   (no gloves)
Will    .....                   (no boots)
Stlth   ++........              (no amulet)
HPRegen 0.07/turn               (no ring)
MPRegen 0.07/turn               (no ring)

@: heavily drained
A: horns 2, retaliatory headbutt, iridescent scales 1, clever 1, clumsy 1
a: no special abilities


You were on level 3 of the Dungeon.
You visited 1 branch of the dungeon, and saw 3 of its levels.

You collected 44 gold pieces.

Inventory:

Hand Weapons
 a - a +0 hand axe (weapon)
Armour
 b - a +0 leather armour (worn)
Wands
 g - a wand of digging (3)
Scrolls
 c - a scroll of fog
 d - a scroll of magic mapping
 e - a scroll of fear
Potions
 f - a potion of haste


   Skills:
 + Level 4.0 Fighting
 + Level 2.5 Axes
 + Level 0.3 Armour
 + Level 2.3 Dodging
 + Level 4.4 Stealth


You had one spell level left.
You didn't know any spells.
Your spell library was empty.

Dungeon Overview and Level Annotations

Branches:
Dungeon (5/15)
 Temple: D:4-7

Altars:

Annotations:
D:3 Ijyb


Innate Abilities, Weirdness & Mutations

You have a pair of horns on your head.
You reflexively headbutt those who attack you in melee.
You are partially covered in iridescent scales. (AC +2)
Your mind is acute. (Int +2)
You are clumsy. (Dex -2)


Message History

12 sling bullets; a ball python corpse You now have 34 gold pieces (gained 11).
You now have 44 gold pieces (gained 10).
A frilled lizard comes into view.
Ijyb the Twisted Goblin comes into view.
She is wielding a +2 dagger of draining and carrying a wand of polymorph (8).
The frilled lizard hisses angrily.
Ijyb shouts!
The frilled lizard bites you but does no damage.
A rat comes into view.
You hit the frilled lizard.
You kill the frilled lizard!
Ijyb hits you with a +2 dagger of draining.
You feel drained. The rat closely misses you.
You hit Ijyb but do no damage. You barely miss the rat.
Ijyb hits you with a +2 dagger of draining.
You feel drained. The rat misses you.
You closely miss Ijyb. Your headbutt misses Ijyb.
You hit the rat but do no damage.
Ijyb hits you with a +2 dagger of draining.
You feel drained. The rat completely misses you. Ijyb barely misses you.
You furiously retaliate!
You headbutt Ijyb. You hit Ijyb but do no damage.
Ijyb is lightly wounded.
You hit the rat. The rat bites you. Ijyb barely misses you.
You hit Ijyb. You headbutt Ijyb. Your punch misses Ijyb.
Ijyb is moderately wounded.
You hit the rat.
You kill the rat!
Ijyb screams, "Level is mine!
All mine!"
Ijyb hits you with a +2 dagger of draining!
* * * LOW HITPOINT WARNING * * *
You feel drained.
Okay, then.
It was a potion of mutation.
You feel extremely strange.
Iridescent scales grow over part of your body.
You feel clumsy.
You feel clever.
Ijyb drinks a potion.
Ijyb goes berserk!
You completely miss Ijyb. You headbutt Ijyb.
Ijyb is heavily wounded.
Ijyb hits you with a +2 dagger of draining.
You die...

##....# ###
##..#....# #..##.##.#
#######.###..#... ##
.........###.###..
... ...........#..#
....# .........#..#.#
...#
###########.#.##....#
#...@g....#
###.......# ####....#
#..## .... ...# ..#
#.#


You could see Ijyb (berserk).

Vanquished Creatures
  An adder (D:3)
  2 endoplasms (D:3)
  A goblin (D:3)
  A kobold (D:3)
  A ball python (D:3)
  A bat (D:3)
  A frilled lizard (D:3)
  3 rats (D:3)
11 creatures vanquished.

Notes
Turn   | Place    | Note
-------+----------+-------------------------------------------
     0 | D:5      | cbfl8 the Minotaur Delver began the quest for the Orb.
     0 | D:5      | Reached XP level 1. HP: 19/19 MP: 0/0
   107 | D:3      | Reached XP level 2. HP: 19/27 MP: 1/1
   381 | D:3      | Noticed Ijyb
   390 | D:3      | Gained mutation: You are partially covered in iridescent
                  | scales. (AC +2) [potion of mutation]
   390 | D:3      | Gained mutation: You are clumsy. (Dex -2) [potion of
                  | mutation]
   390 | D:3      | Gained mutation: Your mind is acute. (Int +2) [potion of
                  | mutation]
   391 | D:3      | Slain by Ijyb

Illustrated notes

Levels and vault maps discovered:
D:3:      layout_rooms, uniq_ijyb
D:4:      layout_basic, ebering_ghost_gozag
D:5:      layout_basic, uniq_sigmund

Skill      XL: |  1 |
---------------+----+-----
Fighting       | 4 |  4.0
Axes           | |  2.5
Armour         | |  0.3
Dodging        | |  2.3
Stealth        | |  4.4

Action                   || total
-------------------------++-------
Melee: Hand axe          ||    22
       Headbutt          ||     5
  Use: Potion            ||     1
 Stab: Sleeping          ||     1
Armor: Leather armour    ||    12
Dodge: Dodged            ||    16
